 Dungeon Crawl Stone Soup version 0.27.1-33-g824d729ab1 (webtiles) character file.

Game seed: 10532813383354314468

397 Amplified the Skirmisher (level 6, -9/40 HPs)
             Began as a Gargoyle Monk on Dec 26, 2021.
             Mangled by a hornet (12 damage)
             ... on level 7 of the Dungeon.
             The game lasted 00:03:23 (3014 turns).

Amplified the Skirmisher (Gargoyle Monk)            Turns: 3014, Time: 00:03:24

Health: -9/40      AC:  7    Str: 15    XL:     6   Next: 83%
Magic:  6/6        EV: 13    Int: 10    God:
Gold:   154        SH:  0    Dex: 14    Spells: 5/5 levels left

rFire    . . .     SeeInvis .   c - +2 short sword (elec)
rCold    . . .     Faith    .   (no shield)
rNeg     + . .     Spirit   .   b - +0 robe
rPois    ∞         Reflect  .   (no helmet)
rElec    +         Harm     .   (no cloak)
rCorr    .         Rampage  .   (no gloves)
Will     .....                  e - +0 pair of boots
Stlth    ++........             (no amulet)
HPRegen  0.13/turn              (no ring)
MPRegen  0.10/turn              (no ring)

@: no status effects
A: sickness immunity, AC +4, negative energy resistance 1, electricity
resistance, torment resistance 1, petrification resistance
a: no special abilities


You were on level 7 of the Dungeon.
You visited 1 branch of the dungeon, and saw 5 of its levels.

You collected 154 gold pieces.

Inventory:

Hand Weapons
 a - a +0 mace
 c - a +2 short sword of electrocution (weapon)
 d - a +1 vampiric short sword
Armour
 b - a +0 robe (worn)
 e - a +0 pair of boots (worn)
Scrolls
 f - a scroll of brand weapon
 h - a scroll of amnesia


   Skills:
 * Level 5.4 Fighting
 * Level 3.2 Short Blades
 - Level 3.0 Maces & Flails
 * Level 4.0 Dodging
 - Level 2.1 Stealth


You had 5 spell levels left.
You didn't know any spells.
Your spell library was empty.

Dungeon Overview and Level Annotations

Branches:
Dungeon (7/15)
 Temple: D:4-7

Altars:

Annotations:
D:3 Natasha


Innate Abilities, Weirdness & Mutations

You are immune to sickness and miasma.
Your stone body is resilient. (AC +4)
You are immune to poison.
You resist negative energy. (rN+)
You are resistant to electric shocks. (rElec)
You are resistant to unholy torment.
You are immune to petrification.


Message History

* * * LOW HITPOINT WARNING * * *
Your Dodging skill increases to level 4!
You hit the hornet but do no damage. The hornet misses you.
Unknown command.
Okay, then.
You aren't carrying any pieces of jewellery.
Unknown command.
Sorry, you're not good enough to have a special ability.
Unknown command.
You aren't carrying any potions.
Unknown command.
You aren't carrying any items that you can evoke.
Unknown command.
Unknown command.
You barely miss the hornet.
The hornet stings you but does no damage.
Unknown command.
You hit the hornet.
You feel better.
The hornet is lightly wounded.
The hornet closely misses you. The hornet stings you.
* * * LOW HITPOINT WARNING * * *
Unknown command.
You hit the hornet but do no damage.
The hornet is lightly wounded.
The hornet barely misses you.
Unknown command.
You barely miss the hornet.
The hornet is lightly wounded.
The hornet stings you but does no damage.
The hornet stings you.
* * * LOW HITPOINT WARNING * * *
Unknown command.
You feel the dreadful sensation subside.
You hear the crackle of electricity.
c - a +2 short sword of electrocution (weapon)
Unknown command.
You miss the hornet.
The hornet is lightly wounded.
The hornet stings you!
You die...

#.## #.#.
.............#.
#...... ...###.
#.....## ... .
####.....##.#..###
#........##....##.
#.##............#.
#@##.....######.##
#y##..............
#.##.##########..#
#.......# #.....
#....h..# #.....
#..........##.....
..............##.....
...##..........##.....
.. #.................


You could see a hornet.

Vanquished Creatures
  A sky beast (D:7)
  3 howler monkeys (D:7)
  Terence (D:3)
  2 orc wizards (D:3)
  4 adders
  3 dart slugs
  11 orcs (D:3)
  3 ball pythons
  2 bats
  8 endoplasms
  2 giant cockroaches
  4 goblins
  3 hobgoblins
  2 quokkas
  A frilled lizard (D:3)
  3 kobolds (D:1)
  5 rats
58 creatures vanquished.

Notes
Turn   | Place    | Note
-------+----------+-------------------------------------------
     0 | D:1      | Amplified the Gargoyle Monk began the quest for the Orb.
     0 | D:1      | Reached XP level 1. HP: 14/14 MP: 1/1
   206 | D:1      | Reached XP level 2. HP: 19/19 MP: 2/2
   988 | D:2      | Reached skill level 1 in Short Blades
  1205 | D:2      | Reached XP level 3. HP: 18/24 MP: 3/3
  1376 | D:2      | Found a faded altar of an unknown god.
  1875 | D:3      | Reached skill level 4 in Fighting
  1929 | D:3      | Reached XP level 4. HP: 19/29 MP: 4/4
  1972 | D:3      | Noticed Natasha
  2538 | D:3      | Noticed Terence
  2539 | D:3      | Reached XP level 5. HP: 29/34 MP: 5/5
  2549 | D:3      | Killed Terence
  2823 | D:3      | You fall into a shaft and drop 3 floors!
  2827 | D:6      | Noticed a necrophage
  2845 | D:6      | You fall into a shaft and drop 1 floor!
  2942 | D:7      | Noticed a sky beast
  2948 | D:7      | Reached skill level 5 in Fighting
  2948 | D:7      | Reached XP level 6. HP: 33/40 MP: 6/6
  2991 | D:7      | Noticed a hornet
  3007 | D:7      | Killed a sky beast
  3014 | D:7      | Mangled by a hornet

Illustrated notes

Levels and vault maps discovered:
D:1:      mrwooster_arrival_statue, layout_basic, minmay_parallelograms
D:2:      layout_basic, ebering_ecumenical_altar_box,
          kennysheep_decorative_pillar
D:3:      layout_basic, mainiacjoe_overflow_surrounded_room, uniq_terence,
          uniq_natasha
D:6:      cheibrodos_steamvent, layout_gridville, uniq_blork_the_orc,
          uniq_prince_ribbit1
D:7:      layout_basic, nicolae_ossuary_entry_monument, uniq_joseph

Skill      XL: |  1  2  3  4  5  6 |
---------------+-------------------+-----
Short Blades   | 1 2 3 |  3.2
Fighting       | 4 5 |  5.4
Dodging        | 3 4 |  4.0
Maces & Flails | |  3.0
Stealth        | |  2.1

Action                   |  1- 3 |  4- 6 || total
-------------------------+-------+-------++-------
Melee: Short sword       |    87 |   135 ||   222
       Mace              |     3 |       ||     3
  Use: Potion            |     1 |     1 ||     2
       Scroll            |     3 |     2 ||     5
 Stab: Sleeping          |     4 |     1 ||     5
Armor: Robe              |    26 |    62 ||    88
Dodge: Dodged            |    42 |    45 ||    87
